Map: Cyber Forest LE

Players

GridiroN

  • Race: Protoss Protoss
  • League: Platinum
  • Spawn Location: 5:00

LvMaRQuis - Winner!

  • Race: Terran Terran
  • Spawn Location: 11:00

VOD

Have the link to the VOD?

Description

Time

  • Played on: May 4, 2019, 8:11 p.m.
  • Length: 11:59
Show
View Real Time Build Order
Export as new Build Order

GridiroN Protoss 

Build Orders:  

Get SALT Encoding   

  12  0:01  Probe  
  13  0:13  Probe  
  14  0:19  Pylon  
  14  0:26  Probe  
  15  0:37  Probe  
  15  0:38  Gateway  
  16  0:45  Probe  
  17  0:58  Gateway  
  17  1:01  Assimilator  
  17  1:02  Probe  
  18  1:15  Probe  
  19  1:33  Probe  
  19  1:35  Cybernetics Core  
  19  1:36  Assimilator  
  20  1:41  Probe  
  21  1:54  Probe  
  22  2:06  Probe  
  23  2:11  Nexus  
  23  2:12  Warp Gate  
  23  2:27  Pylon  
  23  2:40  Probe  
  23  2:44  Adept x2  
  27  2:56  Probe  
  28  3:10  Pylon  
  28  3:12  Adept  
  28  3:17  Adept  
  32  3:29  Gateway  
  32  3:30  Gateway  
  32  3:33  Robotics Facility  
  32  3:38  Probe x2  
  32  3:50  Probe  
  31  4:03  Pylon  
  31  4:05  Probe x2  
  33  4:15  Gateway  
  33  4:16  Gateway  
  33  4:22  Robotics Bay, Observer  
  34  4:30  Probe x2  
  36  4:41  Adept x3  
  36  4:45  Shield Battery  
  28  5:13  Probe x2  
  30  5:21  Forge  
  30  5:25  Probe x2  
  34  5:40  Immortal  
  36  5:45  Pylon  
  36  5:46  Adept  
  38  5:50  Adept  
  40  6:00  Photon Cannon  
  40  6:06  Photon Cannon  
  40  6:09  Immortal  
  44  6:25  Probe x2  
  46  6:35  Shield Battery  
  46  6:38  Probe  
  47  6:41  Photon Cannon  
  47  6:46  Adept  
  49  6:51  Adept  
  51  6:54  Adept  
  51  6:59  Adept  
  54  7:11  Adept x3  
  60  7:21  Adept x2  
  52  7:40  Zealot x2  
  52  7:41  Zealot x2  
  48  7:48  Zealot x2  
  52  8:06  Zealot x3  
  58  8:15  Assimilator  
  58  8:25  Adept  
  58  8:26  Adept x2  
  62  8:52  Adept x4  
  52  9:06  Immortal  
  52  9:07  Adept  
  52  9:08  Adept  
  48  9:12  Probe  
  48  9:13  Probe  
  50  9:23  Probe  
  46  9:25  Zealot  
  46  9:28  Probe  
  49  9:31  Probe  
  49  9:37  Probe  
  49  9:40  Probe  
Show
View Real Time Build Order
Export as new Build Order

LvMaRQuis Terran - Winner!

Build Orders: Gas First Reaper Expand 

Get SALT Encoding   

  12  0:00  SCV  
  13  0:12  SCV  
  14  0:17  Supply Depot  
  14  0:24  SCV  
  15  0:29  Refinery  
  15  0:38  SCV  
  16  0:45  Barracks  
  16  0:55  SCV  
  17  1:07  SCV  
  18  1:19  SCV  
  19  1:32  Orbital Command  
  19  1:33  Reaper  
  20  1:45  Command Center  
  20  1:53  Factory  
  20  1:59  SCV  
  21  2:09  Supply Depot  
  21  2:11  Barracks Reactor  
  21  2:12  SCV  
  22  2:16  Refinery  
  22  2:24  SCV  
  23  2:36  SCV  
  24  2:43  Starport  
  23  2:48  SCV  
  24  2:54  Widow Mine  
  24  2:57  Widow Mine, Barracks Tech Lab  
  26  2:58  Orbital Command  
  28  3:00  SCV  
  30  3:12  SCV  
  30  3:17  Marine, Stimpack  
  31  3:23  Widow Mine  
  31  3:24  SCV  
  31  3:25  SCV  
  35  3:33  Widow Mine  
  37  3:34  Marine  
  38  3:41  SCV  
  38  3:42  SCV, Barracks  
  38  3:44  Refinery, Medivac  
  42  4:03  Marauder  
  44  4:10  Barracks  
  44  4:20  Factory Tech Lab  
  44  4:21  SCV  
  44  4:22  SCV  
  46  4:28  Supply Depot  
  46  4:31  Supply Depot  
  46  4:35  Command Center  
  46  4:37  Marauder  
  46  4:40  Barracks Tech Lab  
  46  4:42  Starport Reactor  
  44  5:07  Marine x2, Marauder  
  44  5:08  Combat Shield  
  44  5:09  Marauder  
  44  5:11  SCV x2  
  52  5:14  Refinery  
  52  5:21  Medivac  
  54  5:23  SCV x2  
  56  5:29  Marine x2, Marauder  
  56  5:35  Marauder  
  62  5:47  SCV x2, Supply Depot  
  62  5:48  Orbital Command  
  64  5:50  Barracks  
  64  5:55  Barracks  
  64  5:58  Marine x3, Marauder  
  64  5:59  SCV x2  
  71  6:11  SCV x2  
  71  6:13  Factory Reactor  
  71  6:16  Marauder, Medivac x2  
  71  6:17  Marine x2  
  81  6:23  SCV  
  81  6:24  Supply Depot  
  82  6:26  Supply Depot  
  82  6:31  SCV x2  
  84  6:43  Marine  
  84  6:45  Marine, Marauder x2  
  90  6:47  Supply Depot x2  
  90  6:51  Engineering Bay  
  90  6:54  Engineering Bay, Medivac x2  
  92  7:15  Marine x2  
  92  7:16  Marauder x2  
  92  7:18  Barracks Tech Lab  
  91  7:30  Terran Infantry Weapons Level 1, Terran Infantry Armor Level 1  
  91  7:31  Marine  
  91  7:32  Supply Depot x2  
  91  7:33  Marine x2  
  89  7:37  Marauder x2  
  89  7:41  Orbital Command  
  89  7:49  Widow Mine x2  
  89  7:50  Marine, Marauder, Medivac x2  
  89  7:51  Marine x2  
  100  7:53  SCV x2  
  100  7:57  Supply Depot  
  104  7:59  Supply Depot  
  104  8:04  Marine x2  
  104  8:05  SCV x2  
  108  8:09  Marauder  
  108  8:11  Liberator  
  110  8:17  Marine x2, Marauder  
  114  8:23  Marauder  
  114  8:26  Widow Mine  
  114  8:27  Widow Mine  
  120  8:30  SCV  
  124  8:55  Supply Depot  
  122  8:57  Supply Depot  
  122  8:59  Armory  
  110  9:06  Marine  
  110  9:07  Marine x2, Marauder x3  
  101  9:24  Marine x2, Concussive Shells  
  101  9:25  Marauder  
  101  9:28  Marauder  
  101  9:29  Marauder x2  
  111  9:37  Refinery  
  110  9:42  Marine x2  
  107  9:46  Marauder  
  107  9:47  Barracks  
  107  9:49  Marine, Barracks  
  107  9:50  Marauder x2  
  114  10:00  Marine x2, Widow Mine  
  114  10:01  SCV  
  119  10:08  Marauder x2  
  119  10:11  Marine, Marauder  
  126  10:18  Marine x2  
  128  10:28  Marine  
  128  10:29  Marine, Marauder  
  128  10:33  Marauder  
  134  10:35  Marine  
  134  10:37  Marine  
  134  10:38  SCV  
  134  10:39  SCV x2  
  139  10:46  Marine  
  139  10:49  Marine  
  141  10:50  Liberator  
  141  10:51  SCV, Marauder  
  141  10:52  Barracks Tech Lab x2  
  141  10:53  Marine  
  141  10:54  Marauder  
  141  10:55  Sensor Tower  
  147  10:57  Barracks  
  147  10:58  SCV x2  
  147  10:59  Refinery  
  147  11:03  SCV  
  150  11:08  Marine x2, Marauder  
  150  11:10  SCV  
  158  11:11  Marine  
  158  11:12  Marauder  
  161  11:21  Marine  
  161  11:22  Marine, Marauder  
  165  11:33  Supply Depot  
  165  11:35  Supply Depot  
  165  11:41  Supply Depot x2  
  165  11:42  Supply Depot x2  
Tags
 
Add a new tag
Caveats
  • Supply blocks, unpowered buildings, or Contaminate may cause inaccurate times.
  • Supply counts are checked every 10 seconds.